 Dungeon Crawl Stone Soup version 0.27.1-4-g1640c2035a (webtiles) character file.

Game seed: 6050347400368056009

68495 Iepvzaeh the Warrior (level 14, -7/134 (138) HPs)
             Began as a Minotaur Berserker on Nov 4, 2021.
             Was a High Priest of Trog.
             Killed from afar by an orc sorcerer (18 damage)
             ... with a bolt of negative energy
             ... on level 2 of the Orcish Mines.
             The game lasted 01:40:03 (30958 turns).

Iepvzaeh the Warrior (Minotaur Berserker)          Turns: 30958, Time: 01:40:04

HP:   -7/134 (138)  AC: 23    Str: 31    XL:     14   Next: 86%
MP:   13/13         EV: 12    Int:  4    God:    Trog [*****.]
Gold: 851           SH:  0    Dex: 15    Spells: 13/13 levels left

rFire    + . .     SeeInvis .   f - +4 great sword (flame)
rCold    . . .     Faith    .   (shield currently unavailable)
rNeg     . . .     Spirit   .   D - +2 chain mail {rF+}
rPois    +         Reflect  .   (helmet restricted)
rElec    .         Harm     .   p - +0 cloak {Will+}
rCorr    .         Rampage  .   X - +2 pair of gloves {Dex+3}
Will     ++...                  H - +2 pair of boots
Stlth    ..........             (no amulet)
HPRegen  0.32/turn              M - ring of poison resistance
MPRegen  0.13/turn              I - +6 ring of strength

@: about to teleport, lightly drained
A: horns 2, retaliatory headbutt
a: Renounce Religion, Berserk, Trog's Hand, Brothers in Arms


You were on level 2 of the Orcish Mines.
You worshipped Trog.
Trog was extremely pleased with you.
You visited 3 branches of the dungeon, and saw 21 of its levels.

You collected 1652 gold pieces.
You spent 801 gold pieces at shops.

Inventory:

Hand Weapons
 a - a +5 trident of freezing
 b - a +3 arbalest of freezing
 f - a +4 great sword of flaming (weapon)
Missiles
 n - 24 poisoned darts (quivered)
 r - 5 boomerangs of dispersal
 v - 3 atropa-tipped darts
 S - 114 bolts
 T - a throwing net
Armour
 m - a scarf of shadows
 p - a +0 cloak of willpower (worn)
 D - a +2 chain mail of fire resistance (worn)
 H - a +2 pair of boots (worn)
 X - a +2 pair of gloves of dexterity (worn)
Jewellery
 c - a ring of resist corrosion
 e - a ring of positive energy
 o - a ring of see invisible
 t - an amulet of regeneration
 I - a +6 ring of strength (right hand)
 L - a ring of flight
 M - a ring of poison resistance (left hand)
 R - an amulet of reflection
Wands
 y - a wand of iceblast (38)
 C - a wand of charming (6)
 E - a wand of digging (13)
 F - a wand of acid (11)
 G - a wand of flame (16)
 N - a wand of polymorph (11)
 Q - a wand of paralysis (23)
 U - a wand of mindburst (11)
Scrolls
 g - 11 scrolls of teleportation
 j - 2 scrolls of blinking {unknown}
 q - a scroll of acquirement {unknown}
 s - a scroll of silence {unknown}
 x - 2 scrolls of magic mapping {unknown}
 A - 2 scrolls of fear {unknown}
 W - 2 scrolls of holy word
 Z - a scroll of summoning
Potions
 d - 2 potions of magic {unknown}
 h - 4 potions of attraction
 k - 2 potions of resistance
 l - 2 potions of ambrosia
 w - a potion of invisibility {unknown}
 z - 3 potions of flight
 O - 2 potions of curing
 V - 4 potions of lignification
 Y - a potion of cancellation {unknown}
Miscellaneous
 i - a lightning rod (4/4)
 B - a phial of floods
 J - a tin of tremorstones (2/2)
 P - a phial of floods


   Skills:
 * Level 16.4 Fighting
 * Level 2.8 Long Blades
 - Level 10.3(13.0) Polearms
 + Level 12.9(14.2) Staves
 - Level 5.6 Bows
 + Level 10.8 Crossbows
 - Level 4.1 Throwing
 + Level 13.1 Armour
 + Level 6.7 Dodging
 + Level 3.5 Stealth
 + Level 2.2 Evocations


You had 13 spell levels left.
You didn't know any spells.
Your spell library was empty.

Dungeon Overview and Level Annotations

Branches:
Dungeon (13/15)            Temple (0/1) D:6            Lair (6/6) D:9
 Shoals (0/4) Lair:2        Snake (0/4) Lair:2        Slime (0/5) Lair:6
    Orc (2/2) D:9             Elf (0/3) Orc:2
 Vaults: D:13-14

Altars:
Cheibriados
Elyvilon
Fedhas
Gozag
Hepliaklqana
Kikubaaqudgha
Qazlal
Ru
Sif Muna
Uskayaw
Vehumet
Wu Jian
Jiyva

Shops:
D:8 :[(*   D:10 [   Orc:1 [

Portals:
Abyss: Lair:5

Annotations:
Lair:5 2 transporters, Doix's ghost, journeyman DrFE


Innate Abilities, Weirdness & Mutations

You have a pair of horns on your head.
You reflexively headbutt those who attack you in melee.


Message History

* * * LOW HITPOINT WARNING * * *
You see here a +0 giant club.
The orc warrior no longer looks unusually strong.
The orc warrior closely misses you.
The orc knight hits you with a +0 great mace!!
* * * LOW HITPOINT WARNING * * *
Unknown command.
You feel much better.
The orc knight roars a battlecry!
The orcs go into a battle-frenzy!
The orc warrior barely misses you.
The orc knight hits you with a +0 great mace.
* * * LOW HITPOINT WARNING * * *
As you read the scroll of teleportation, it crumbles to dust.
You feel strangely unstable.
The orc knight unwields a +0 arbalest.
The orc knight wields a +0 great sword.
The orc knight hits you with a +0 great sword!
* * * LOW HITPOINT WARNING * * *
The orc warrior misses you.
The orc knight hits you with a +0 great mace.
* * * LOW HITPOINT WARNING * * *
The orc knight unwields a +0 great sword.
The orc knight wields a +0 arbalest.
The orc knight shoots a bolt.
The bolt hits you but does no damage.
Your surroundings suddenly seem different.
An orc and an orc sorcerer come into view.
Found 55 gold pieces.
The orc sorcerer shouts!
The orc shouts!
You hear a shout!
An orc priest comes into view. It is wielding a +1 flail of draining.
An orc warrior comes into view. It is wielding a +0 war axe.
As you read the scroll of fog, it crumbles to dust.
The scroll dissolves into smoke.
The orc warrior shouts!
An orc comes into view. It is wielding a +0 dagger.
As you read the scroll of teleportation, it crumbles to dust.
You feel strangely unstable.
The orc shouts!
The orc sorcerer points at you and mumbles some strange words.
The bolt of negative energy hits you!!
You feel drained.
You die...

# .# ..#.
.....
#.§###+#§.....
#..§@§§§§....$
####§§o§§..#..
##§o§§..#
......##
......##
#...o...
#.......o
###.......


You could see an orc sorcerer and an orc.

Vanquished Creatures
  An orc warlord (Orc:1)
  A dire elephant (Lair:6)
  An ogre mage (Orc:1)
  8 hydras
  2 catoblepae
  6 two-headed ogres
  14 death yaks
  A deep troll shaman (Lair:6)
  An orc high priest (Orc:1)
  A deep elf archer (Orc:1)
  3 orc knights
  3 orc sorcerers (Orc:1)
  A manticore (D:12)
  A cyclops (D:12)
  8 elephants (Lair:6)
  A black mamba (shapeshifter) (D:11)
  4 black mambas
  Psyche (D:9)
  A gargoyle (D:12)
  An unseen horror (D:12)
  15 cane toads
  A rime drake (Lair:3)
  8 komodo dragons
  Maggie (D:10)
  2 trolls
  The ghost of Destapler the Shield-Bearer, an amateur MiFi (D:4)
  A polar bear (Lair:1)
  4 blink frogs
  3 slime creatures (D:12)
  A hornet (D:10)
  A snapping turtle (Lair:2)
  A meliai zombie (D:11)
  6 dream sheep (Lair:6)
  4 shadows
  3 wraiths
  8 wyverns
  62 yaks
  6 basilisks
  Grum (D:9)
  4 wargs
  2 nagas (Lair:2)
  25 water moccasins
  19 orc warriors
  2 sky beasts
  4 black bears
  9 ogres
  4 centaurs
  23 wolves
  A phantom (D:6)
  A kobold brigand (D:8)
  12 bullfrogs
  A wyvern zombie (D:7)
  2 gnoll sergeants
  3 scorpions
  A water moccasin skeleton (D:6)
  2 electric eels
  10 wights
  4 howler monkeys
  2 centaur zombies
  2 hounds
  2 jellies
  Crazy Yiuf (D:2)
  16 orc priests
  2 gnoll shamans
  3 centaur skeletons
  2 iguanas (D:7)
  19 orc wizards
  A killer bee zombie (D:9)
  18 gnolls
  A howler monkey zombie (D:8)
  2 adders
  2 howler monkey skeletons
  A shadow imp (D:6)
  2 white imps
  An ufetubus (D:7)
  A worm (D:3)
  62 orcs
  5 ball pythons
  12 endoplasms
  A giant cockroach (D:1)
  3 goblins
  8 hobgoblins
  5 jackals
  17 kobolds
  2 quokkas
  6 bats
  3 frilled lizards
  5 rats
525 creatures vanquished.

Vanquished Creatures (collateral kills)
  Erolcha (D:9)
  A death yak (Lair:5)
  A komodo dragon (Lair:5)
  A yak (D:9)
  A wolf (Lair:5)
  A wight (D:6)
6 creatures vanquished.

Vanquished Creatures (others)
  A yak (D:9)
  A scorpion (D:9)
  An ogre (Orc:1)
  42 fungi
  83 plants
128 creatures vanquished.

Grand Total: 659 creatures vanquished

Notes
Turn   | Place    | Note
-------+----------+-------------------------------------------
     0 | D:1      | Iepvzaeh the Minotaur Berserker began the quest for the
                  | Orb.
     0 | D:1      | Reached XP level 1. HP: 19/19 MP: 0/0
   238 | D:1      | Reached XP level 2. HP: 27/27 MP: 1/1
   268 | D:1      | Reached skill level 4 in Fighting
   756 | D:2      | Reached ** piety under Trog
   826 | D:2      | Reached XP level 3. HP: 33/33 MP: 2/2
  1293 | D:2      | Found a runed translucent door.
  1294 | D:2      | Noticed Crazy Yiuf
  1403 | D:2      | Killed Crazy Yiuf
  1404 | D:2      | Reached skill level 5 in Fighting
  1404 | D:2      | Reached XP level 4. HP: 42/42 MP: 3/3
  1950 | D:3      | Found an ancient bone altar of Kikubaaqudgha.
  1950 | D:3      | Found a blossoming altar of Fedhas.
  2212 | D:3      | Found an opulent altar of Gozag.
  2442 | D:4      | Found a stormy altar of Qazlal.
  2449 | D:4      | Noticed an ogre
  2454 | D:4      | Killed an ogre
  2455 | D:4      | Reached skill level 1 in Staves
  2455 | D:4      | Reached skill level 1 in Throwing
  2455 | D:4      | Reached XP level 5. HP: 48/48 MP: 4/4
  2906 | D:4      | Found a radiant altar of Vehumet.
  3078 | D:4      | Found a runed translucent door.
  3078 | D:4      | Noticed Destapler's ghost (amateur MiFi)
  3125 | D:4      | Found an ornate altar of the Wu Jian Council.
  3269 | D:4      | Reached XP level 6. HP: 25/56 MP: 1/5
  4104 | D:4      | Killed Destapler's ghost
  4105 | D:4      | Reached skill level 1 in Stealth
  4105 | D:4      | Reached XP level 7. HP: 62/62 MP: 6/6
  4155 | D:5      | Entered Level 5 of the Dungeon
  4520 | D:5      | Reached skill level 6 in Fighting
  4520 | D:5      | Reached skill level 5 in Armour
  4732 | D:6      | Found a sacrificial altar of Ru.
  4739 | D:6      | Reached skill level 5 in Staves
  4982 | D:6      | Reached XP level 8. HP: 68/70 MP: 7/7
  5316 | D:6      | Reached *** piety under Trog
  5369 | D:6      | Found a shimmering blue altar of Sif Muna.
  5504 | D:6      | Found a staircase to the Ecumenical Temple.
  6321 | D:6      | Reached XP level 9. HP: 78/78 MP: 8/8
  6501 | D:7      | Reached **** piety under Trog
  6527 | D:7      | Found a white marble altar of Elyvilon.
  6711 | D:7      | Reached skill level 7 in Fighting
  6727 | D:7      | Reached skill level 1 in Bows
  7564 | D:8      | Found a snail-covered altar of Cheibriados.
  7585 | D:8      | Reached skill level 8 in Fighting
  7590 | D:8      | Noticed a two-headed ogre
  7595 | D:8      | Killed a two-headed ogre
  7663 | D:8      | Reached XP level 10. HP: 59/90 MP: 6/9
  7918 | D:8      | Reached skill level 9 in Fighting
  8706 | D:8      | Found a hide-covered altar of Uskayaw.
  8728 | D:8      | Reached skill level 5 in Bows
  8889 | D:8      | Found Ushaen's General Store.
  8890 | D:8      | Found Rureop's Antique Armour Emporium.
  8891 | D:8      | Found Leot's Book Emporium.
  8892 | D:8      | Found Leothrung's Antique Weapon Emporium.
  8893 | D:8      | Noticed a seven-headed hydra
  9003 | D:8      | HP: 4/132 [yak (11)]
  9008 | D:8      | Reached skill level 5 in Dodging
  9480 | D:9      | Noticed Psyche
  9482 | D:9      | Reached skill level 10 in Fighting
 10062 | D:9      | Found a staircase to the Orcish Mines.
 10073 | D:9      | Reached skill level 10 in Staves
 10086 | D:9      | Reached ***** piety under Trog
 10348 | D:9      | Noticed Grum
 10366 | D:9      | Killed Grum
 10621 | D:9      | Reached skill level 1 in Evocations
 10621 | D:9      | Reached XP level 11. HP: 82/101 MP: 10/10
 10627 | D:9      | Noticed Erolcha
 10636 | D:9      | Reached skill level 1 in Crossbows
 10831 | D:9      | Killed Erolcha
 11152 | D:9      | Found a hazy altar of Hepliaklqana.
 11328 | D:9      | Reached skill level 11 in Fighting
 11400 | D:9      | Found a staircase to the Lair.
 11496 | D:9      | Killed Psyche
 11773 | Orc:1    | Entered Level 1 of the Orcish Mines
 11862 | D:10     | Entered Level 10 of the Dungeon
 12048 | D:10     | Found Cej Ucuh's Armour Shop.
 12136 | D:8      | Bought a scroll of identify for 30 gold pieces
 12136 | D:8      | Bought a scroll of identify for 30 gold pieces
 12139 | D:8      | Bought a pair of glowing gloves for 232 gold pieces
 12139 | D:8      | Bought a polished tower shield for 294 gold pieces
 12139 | D:8      | Identified the +4 tower shield of Wu Jian's Grace {Will-
                  | Regen+ Int+9 Dex+5} (You bought it in a shop on level 8 of
                  | the Dungeon)
 12364 | D:10     | Noticed Maggie
 12377 | D:10     | Killed Maggie
 12974 | D:10     | Bought the +1 leather armour of Vois {-Cast Fly Dex+3} for
                  | 215 gold pieces
 14127 | D:12     | HP: 3/156 [something (27)]
 14131 | D:12     | Reached skill level 12 in Fighting
 14579 | D:12     | Reached skill level 10 in Armour
 14669 | D:12     | Noticed a two-headed ogre
 14675 | D:12     | Killed a two-headed ogre
 14844 | D:12     | Reached XP level 12. HP: 99/113 MP: 8/11
 15309 | Lair:1   | Entered Level 1 of the Lair of Beasts
 15336 | Lair:1   | Reached skill level 5 in Crossbows
 16151 | Lair:1   | Noticed a four-headed hydra
 16163 | Lair:1   | Killed a four-headed hydra
 16622 | Lair:2   | Reached skill level 13 in Fighting
 16775 | Lair:2   | Noticed a four-headed hydra
 16784 | Lair:2   | Killed a four-headed hydra
 16853 | Lair:2   | Found a staircase to the Snake Pit.
 17409 | Lair:2   | Found an ancient bone altar of Kikubaaqudgha.
 17563 | Lair:2   | Noticed a five-headed hydra
 17571 | Lair:2   | Killed a five-headed hydra
 17777 | Lair:2   | Found a staircase to the Shoals.
 18312 | Lair:3   | Noticed a six-headed hydra
 18322 | Lair:3   | Killed a six-headed hydra
 18693 | Lair:3   | Reached skill level 5 in Polearms
 18732 | Lair:3   | Reached XP level 13. HP: 105/123 MP: 9/12
 19239 | Lair:3   | Reached skill level 14 in Fighting
 21104 | Lair:4   | Received a gift from Trog
 21573 | Lair:5   | Found a transporter.
 21642 | Lair:5   | Found a transporter.
 21648 | Lair:5   | Noticed a cacodemon
 21669 | Lair:5   | Noticed Doix's ghost (journeyman DrFE)
 21672 | Lair:5   | Found a one-way gate to the infinite horrors of the Abyss.
 22070 | Lair:5   | Reached skill level 15 in Fighting
 23622 | Lair:6   | Entered Level 6 of the Lair of Beasts
 24063 | Lair:5   | Reached XP level 14. HP: 91/135 MP: 8/13
 24309 | Lair:6   | Found a viscous altar of Jiyva.
 24311 | Lair:6   | Found a staircase to the Slime Pits.
 26558 | Lair:6   | Reached skill level 10 in Crossbows
 26995 | Lair:6   | Reached skill level 16 in Fighting
 27063 | Lair:6   | Reached skill level 10 in Polearms
 28141 | Orc:1    | Received a gift from Trog
 28287 | Orc:1    | Found Zodom's Armour Boutique.
 28844 | Orc:1    | Noticed an orc warlord
 29900 | Orc:1    | Killed an orc warlord
 29901 | Orc:1    | Reached skill level 1 in Long Blades
 30674 | Orc:2    | Entered Level 2 of the Orcish Mines
 30822 | Orc:2    | Found a staircase to the Elven Halls.
 30958 | Orc:2    | Killed from afar by an orc sorcerer

Illustrated notes

Levels and vault maps discovered:
D:1:      dpeg_arrival_arbitrary_a, layout_basic, nrook_uturn
D:2:      layout_rooms, minmay_tiny_reverse_x, uniq_crazy_yiuf_cottage
D:3:      layout_loops_ring, mainiacjoe_overflow_alcove_2,
          grunt_temple_overflow_growth_and_decay, minmay_bisected
D:4:      layout_loops_ring, mainiacjoe_overflow_cross_hatched,
          nicolae_wu_jian_glorious_leap, grunt_qazlal_sundering,
          hellmonk_ghost_happy_afterlife, hangedman_abyss_or_decor_lesser_grid,
          hangedman_decor_growths, hangedman_abyss_or_decor_stagger
D:5:      layout_basic
D:6:      layout_loops_ring, nicolae_sif_muna_little_library,
          amcnicky_altar_gilded, minmay_temple_entry_junction,
          serial_co_window_serial, co_window_corner_a,
          co_window_of_opportunity_a, co_window_paths_b,
          co_window_of_opportunity_a, co_window_of_opportunity_a,
          co_window_corner_a, co_window_corner_a, co_window_broadway_c,
          co_window_corner_cb, co_window_corner_ca, co_window_cross_2,
          glass_columns_a, glass_columns_b, glass_columns_a, glass_columns_a,
          kennysheep_generic_room_6
D:7:      layout_loops_ring, elyvilon_altar_3, minmay_joined_circles
D:8:      layout_loops_cross, lemuel_tele_altar, old_standard_altar,
          minmay_shop_grid_forest
D:9:      minmay_general_purpose_star, layout_irregular_city,
          mainiacjoe_overflow_boulevard, minmay_lair_entry_grove, david_orc_3,
          serial_column_ruins, column_ruins_corridor_straight,
          column_ruins_grid_3, column_ruins_open_tiny, column_ruins_grid_1,
          column_ruins_open_tiny, minmay_misc_feat_tiny, minivault_10,
          uniq_erolcha, uniq_psyche, uniq_grum
D:10:     layout_cave_pools, serial_shops, shop, uniq_maggie
D:11:     layout_basic
D:12:     layout_loops_cross
D:13:     minmay_octo_star, layout_gridville, david_vaults_1, roderic_lattice_a,
          uniq_urug
Lair:1:   layout_roguey, enter_volcano_2, infiniplex_staircase_pool_2
Lair:2:   layout_gridlike, minmay_shoals_entry_hut, guppyfry_snake_entry_island,
          basic_altar
Lair:3:   layout_roguey, chequers_serial_rivers_micro_e, serial_bayou_lagoon_b,
          grunt_megastairs_3
Lair:4:   layout_regular_city, grunt_megastairs_1
Lair:5:   layout_regular_city, gammafunk_ghost_abyssal_escape
Lair:6:   grunt_lair_end_beastmaster, layout_concentric_octagons, slime_altar_1,
          infiniplex_staircase_pool, serial_bayou_shore_b
Orc:1:    layout_diamond_mine, serial_shops, shop, elf_legates
Orc:2:    grunt_orc_community_town_hall, layout_diamond_mine,
          grunt_orc_community_big_house_2, grunt_orc_community_big_house_1,
          grunt_orc_community_house_2, grunt_orc_community_house_1,
          grunt_orc_community_house_3, grunt_orc_community_house_1,
          grunt_orc_community_house_3, guppyfry_orc_lava_fort

Skill      XL: |  1  2  3  4  5  6  7  8  9 10 11 12 13 14 |
---------------+-------------------------------------------+-----
Polearms       | 4 5 8 10 | 10.3
Fighting       | 4 5 6 8 10 12 13 15 16 | 16.4
Staves         | 1 2 4 5 7 9 10 11 12 | 12.9
Throwing       | 1 2 4 |  4.1
Armour         | 3 4 5 6 7 8 10 11 13 | 13.1
Dodging        | 3 4 5 6 |  6.7
Stealth        | 1 2 3 |  3.5
Bows           | 4 5 |  5.6
Evocations     | 1 2 |  2.2
Crossbows      | 4 7 9 10 | 10.8
Long Blades    | 2 |  2.8

Action                   |  1- 3 |  4- 6 |  7- 9 | 10-12 | 13-15 || total
-------------------------+-------+-------+-------+-------+-------++-------
Melee: Spear             |    89 |       |       |       |       ||    89
       Headbutt          |    11 |    17 |    18 |   113 |   166 ||   325
       Quarterstaff      |       |    89 |   130 |   333 |       ||   552
       Trident           |       |       |       |    25 |   416 ||   441
       Great sword       |       |       |       |       |    34 ||    34
 Fire: Shortbow          |       |       |    51 |    60 |       ||   111
       Arbalest          |       |       |       |   105 |   201 ||   306
Throw: Dart              |     4 |    34 |    41 |   120 |    34 ||   233
       Throwing net      |       |       |       |     1 |       ||     1
Invok: Berserk           |     1 |     4 |     3 |     9 |    10 ||    27
       Trog's Hand       |     1 |     2 |     1 |     2 |     2 ||     8
       Brothers in Arms  |       |       |       |     2 |     2 ||     4
Evoke: Wand              |       |       |     5 |     7 |     9 ||    21
       Phial of floods   |       |       |       |     1 |       ||     1
  Use: Scroll            |       |     5 |       |    25 |     6 ||    36
       Potion            |       |       |     1 |     3 |     4 ||     8
 Stab: Sleeping          |       |       |       |     1 |       ||     1
       Petrified         |       |       |       |       |     2 ||     2
Armor: Animal skin       |     1 |       |       |       |       ||     1
       Ring mail         |    10 |    38 |    32 |    90 |    14 ||   184
       Plate armour      |       |       |       |   107 |   193 ||   300
       Chain mail        |       |       |       |       |    39 ||    39
Dodge: Dodged            |    34 |    61 |    76 |   190 |   260 ||   621
       Rpst.: Great sword |       |       |       |       |     5 ||     5
